 Dungeon Crawl Stone Soup version 0.23-a0-494-g91793a9 (webtiles) character file.

46 zishaf the Cutter (level 3, 0/24 HPs)
             Began as a Halfling Gladiator on Dec 4, 2018.
             Slain by a worm (5 damage)
             ... on level 2 of the Dungeon.
             The game lasted 00:02:51 (1356 turns).

zishaf the Cutter (Halfling Gladiator)              Turns: 1356, Time: 00:02:52

Health: 0/24       AC:  5    Str: 15    XL:     3   Next: 92%
Magic:  3/3        EV: 16    Int:  6    God:
Gold:   27         SH:  0    Dex: 16    Spells: 2/2 levels left

rFire    . . .     SeeInvis .   q - -1 dagger (curse)
rCold    . . .     Gourm    .   (shield restricted)
rNeg     . . .     Faith    .   b - +0 leather armour
rPois    +         Spirit   .   c - +0 helmet
rElec    .         Reflect  .   p - +0 cloak (curse)
rCorr    .         Harm     .   (no gloves)
MR       .....                  (no boots)
Stlth    ++........             (no amulet)
HPRegen  0.08/turn              k - ring of poison resistance
MPRegen  0.08/turn              (no ring)

@: no status effects
A: small, mutation resistance 1
a: no special abilities


You were on level 2 of the Dungeon.
You were not hungry.

You visited 1 branch of the dungeon, and saw 2 of its levels.

You collected 27 gold pieces.

Inventory:

Hand Weapons
 a - a +0 rapier
 q - a cursed -1 dagger (weapon)
Missiles
 d - 3 throwing nets (quivered)
 e - 56 stones
 j - 7 poisoned needles
Armour
 b - a +0 leather armour (worn)
 c - a +0 helmet (worn)
 p - a cursed +0 cloak (worn)
Jewellery
 k - a ring of poison resistance (left hand)
 n - a cursed -4 ring of evasion {unknown}
Scrolls
 i - 2 scrolls of teleportation {2pack, unknown}
Potions
 g - a potion of agility {unknown}
 h - a potion of might {unknown}
 l - a potion of curing {unknown}
 o - a potion of ambrosia {unknown}
Comestibles
 f - a ration
 m - a chunk of flesh


   Skills:
 - Level 1.7 Fighting
 * Level 4.4 Short Blades
 - Level 2.0 Throwing
 + Level 3.6 Dodging
 * Level 2.2 Stealth


You had 2 spell levels left.
You didn't know any spells.
Your spell library was empty.

Dungeon Overview and Level Annotations

Branches:
Dungeon (2/15)

Altars:


Innate Abilities, Weirdness & Mutations

You are small and have problems with some larger weapons.
You are somewhat resistant to further mutation.


Message History

You hit the worm but do no damage.
The worm is moderately wounded.
The worm barely misses you.
You hit the worm but do no damage.
The worm is moderately wounded.
You hit the worm but do no damage.
The worm is moderately wounded.
The worm completely misses you.
You hit the worm.
The worm is moderately wounded.
You barely miss the worm.
The worm is moderately wounded.
The worm bites you!
* * * LOW HITPOINT WARNING * * *
You hit the worm but do no damage.
The worm is moderately wounded.
You hit the worm.
The worm is moderately wounded.
The worm bites you.
You die...

####### #.
#.# ..# .
#.#...#
#.#.#...#
#####.#.#...#
.....[......#
#####.#.#...#
......#.....#
............#
##.......@..#
#.#######w###
#. #......#
...........#
..###.###..#
#. ..# # ..#
..# ..#


You could see a worm.

Vanquished Creatures
  3 oozes (D:1)
  2 giant cockroaches (D:1)
  6 goblins (D:1)
  5 hobgoblins (D:1)
  5 kobolds (D:1)
  6 bats
  A frilled lizard (D:1)
  4 rats
32 creatures vanquished.

Notes
Turn   | Place    | Note
-------+----------+-------------------------------------------
     0 | D:1      | zishaf the Halfling Gladiator began the quest for the Orb.
     0 | D:1      | Reached XP level 1. HP: 14/14 MP: 1/1
   136 | D:1      | Reached skill level 1 in Stealth
   136 | D:1      | Reached XP level 2. HP: 14/19 MP: 2/2
   148 | D:1      | Reached skill level 4 in Short Blades
   300 | D:1      | Reached XP level 3. HP: 24/24 MP: 3/3
  1356 | D:2      | Slain by a worm

Vault maps used:
D:1:      erik_arrival_gehennom, minivault_23
D:2:      lemuel_doored_altar, minmay_rat_hole

Skill      XL: |  1  2  3 |
---------------+----------+-----
Stealth        | 1 2 |  2.2
Short Blades   | 4 |  4.4
Fighting       | |  1.7
Throwing       | |  2.0
Dodging        | |  3.6

Action                   || total
-------------------------++-------
Melee: Rapier            ||    76
       Dagger            ||    27
 Stab: Sleeping          ||     8
  Eat: Chunk             ||     1
Armor: Leather armour    ||    13
Dodge: Dodged            ||    58

Table legend:
 A = Non-vault XP
 B = Vault XP
 C = Vault XP percentage of total XP
 D = Non-vault monster count
 E = Vault monster count
 F = Vault count percentage of total count
                 A         B        C        D         E       F
            +---------+---------+-------+---------+---------+-------
      Total |      47 |      19 |  28.8 |      27 |       5 |  15.6
            +---------+---------+-------+---------+---------+-------
        D:1 |      44 |      19 |  30.2 |      24 |       5 |  17.2
        D:2 |       3 |       0 |   0.0 |       3 |       0 |   0.0
            +---------+---------+-------+---------+---------+-------
